 Dungeon Crawl Stone Soup version 0.30-a0-40-gc6d0f036a7 (webtiles) character file.

Game seed: 5193235899165980182

7 drugrobin the Sneak (level 1, 0/18 HPs)
             Began as a Demigod Delver on Aug 30, 2022.
             Succumbed to an adder's poison
             ... on level 2 of the Dungeon.
             The game lasted 00:01:44 (468 turns).

drugrobin the Sneak (Demigod Delver)                 Turns: 468, Time: 00:01:45

Health: 0/18       AC:  3    Str: 10 (13) XL:     1   Next: 66%
Magic:  3/3        EV: 11    Int: 11 (12) God:
Gold:   21         SH:  0    Dex: 12 (15) Spells: 0/0 levels left

rFire   . . .      SeeInvis .    a - +0 short sword
rCold   . . .      Faith    .    (no shield)
rNeg    . . .      Spirit   .    b - +0 leather armour
rPois   .          Reflect  .    (no helmet)
rElec   .          Harm     .    (no cloak)
rCorr   .          Rampage  .    (no gloves)
Will    .....                    (no boots)
Stlth   ++........               (no amulet)
HPRegen 0.06/turn                (no ring)
MPRegen 0.08/turn                (no ring)

@: mighty, lethally poisoned (0 -> -11), hasted, very quick
A: high MP 1, forlorn, divine attributes
a: no special abilities


You were on level 2 of the Dungeon.
You visited 1 branch of the dungeon, and saw 4 of its levels.

You collected 21 gold pieces.

Inventory:

Hand Weapons
 a - a +0 short sword (weapon)
Missiles
 e - 2 javelins (quivered)
Armour
 b - a +0 leather armour (worn)
Wands
 g - a wand of digging (1)
Scrolls
 c - a scroll of fog
 d - a scroll of magic mapping
 j - a scroll of teleportation {unknown}


   Skills:
 - Level 2.6 Fighting
 + Level 2.4 Short Blades
 - Level 1.7 Dodging
 - Level 4.5 Stealth


You couldn't memorise any spells.
You didn't know any spells.
Your spell library was empty.

Dungeon Overview and Level Annotations

Branches:
Dungeon (5/15)
 Temple: D:4-7

Shops:
D:3 (


Innate Abilities, Weirdness & Mutations

You have an increased reservoir of magic. (+10% MP)
You shall have no god before yourself.
Your divine heritage dramatically boosts your attributes as you level up.


Message History

The adder hisses angrily.
You barely miss the adder. The adder bites you. The adder bites you.
You see here a +0 robe.
The adder misses you. The adder bites you.
Unknown command.
The adder barely misses you.
There is a stone staircase leading up here.
Unknown command.
Unknown command.
The adder barely misses you. x2
You climb upwards.
Found 10 gold pieces.
There is a stone staircase leading down here.
Unknown command.
Unknown command.
Unknown command.
The adder attacks as you move away! The adder barely misses you.
The adder bites you.
You are poisoned.
The adder poisons you! The adder completely misses you. The adder bites you.
* * * LOW HITPOINT WARNING * * *
Unknown command.
Unknown command.
You feel yourself speed up.
* * * LOW HITPOINT WARNING * * *
You feel sick. The adder barely misses you.
The adder bites you but does no damage.
Unknown command.
It was a potion of might.
You feel very mighty all of a sudden.
* * * LOW HITPOINT WARNING * * *
You feel sick. The adder misses you. The adder bites you.
* * * LOW HITPOINT WARNING * * *
You are more poisoned.
The adder poisons you!
It was a potion of degeneration.
There was something very wrong with that liquid.
You feel weakened.
You feel dopey.
You feel clumsy.
You die...

#. #. ##.##
...# #..#
#..#
#.S#######.
#.S@..^....
#..#..####.
.....#...#
###.#####$..
#. .### ## #


You could see 2 adders.

Vanquished Creatures
  2 orcs (D:3)
  An endoplasm (D:3)
  A goblin (D:3)
  A kobold (D:3)
5 creatures vanquished.

Notes
Turn   | Place    | Note
-------+----------+-------------------------------------------
     0 | D:5      | drugrobin the Demigod Delver began the quest for the Orb.
     0 | D:5      | Reached XP level 1. HP: 18/18 MP: 3/3
     6 | D:5      | Noticed a jelly
    46 | D:3      | Found Ekauhil's Weapon Boutique.
    78 | D:3      | Noticed an orc priest
   468 | D:2      | Succumbed to an adder's poison

Illustrated notes

Levels and vault maps discovered:
D:2:      layout_loops_ring, basic_altar, nicolae_shop_vocational
D:3:      layout_loops_ring, serial_shops, nicolae_shop_waterfront,
          minmay_stone_trees_small, corexii_shack
D:4:      layout_gridville, serial_shops, nicolae_lakefront_shop, uniq_sigmund
D:5:      minmay_angry_zag, layout_loops_ring,
          mainiacjoe_overflow_six_doors_small, ashenzari_conservatory_becter,
          mainiacjoe_overflow_chevrons, nicolae_titane

Skill      XL: |  1 |
---------------+----+-----
Short Blades   | 2 |  2.4
Fighting       | |  2.6
Dodging        | |  1.7
Stealth        | |  4.5

Action                   || total
-------------------------++-------
Melee: Short sword       ||    21
Evoke: Wand              ||     2
  Use: Potion            ||     3
       Scroll            ||     1
 Stab: Distracted        ||     1
Armor: Leather armour    ||     5
Dodge: Dodged            ||    17

Table legend: (Time is in decaauts)
 A = Elapsed time spent in this place.
 B = Non-inter-level travel time spent in this place.
 C = Inter-level travel time spent in this place.
 D = Time resting spent in this place.
 E = Time spent auto-exploring this place.
 F = Levels seen in this place.
 G = Mean time per level.
                   A        B        C        D        E       F      G
               +--------+--------+--------+--------+--------+-----+--------+
         Total |    467 |    467 |      0 |    263 |      2 |   4 |  116.8 |
       Dungeon |    467 |    467 |      0 |    263 |      2 |   4 |  116.8 |
               +--------+--------+--------+--------+--------+-----+--------+

Top non-repeatable levels by time:
     D:3: 446 daAuts
     D:4: 9 daAuts
     D:5: 8 daAuts
     D:2: 3 daAuts
